 Dungeon Crawl Stone Soup version 0.27-a0-1147-gb3d8e82157 (webtiles) character file.

Game seed: 11870921409919136225

192 leviel the Covered (level 5, -4/47 HPs)
             Began as a Minotaur Fighter on May 11, 2021.
             Killed from afar by Dowan (5 damage)
             ... with a puff of frost
             ... on level 4 of the Dungeon.
             The game lasted 00:04:05 (2545 turns).

leviel the Covered (Minotaur Fighter)               Turns: 2545, Time: 00:04:06

Health: -4/47      AC:  7    Str: 22    XL:     5   Next: 42%
Magic:  4/4        EV:  7    Int:  5    God:
Gold:   167        SH: 14    Dex:  9    Spells: 4/4 levels left

rFire    . . .     SeeInvis .   a - +0 war axe
rCold    . . .     Faith    .   c - +0 kite shield
rNeg     . . .     Spirit   .   b - +0 scale mail
rPois    .         Reflect  +   (helmet restricted)
rElec    .         Harm     .   (no cloak)
rCorr    .         Rampage  .   (no gloves)
Will     .....                  (no boots)
Stlth    ..........             k - amulet of reflection
HPRegen  0.15/turn              (no ring)
MPRegen  0.09/turn              (no ring)

@: no status effects
A: horns 2, retaliatory headbutt
a: no special abilities


You were on level 4 of the Dungeon.
You visited 1 branch of the dungeon, and saw 4 of its levels.

You collected 167 gold pieces.

Inventory:

Hand Weapons
 a - a +0 war axe (weapon)
Missiles
 i - 8 curare-tipped darts (quivered)
Armour
 b - a +0 scale mail (worn)
 c - a +0 kite shield (worn)
Jewellery
 k - an amulet of reflection (around neck)
 m - a ring of willpower
Wands
 d - a wand of iceblast (2)
 q - a wand of polymorph (8)
Scrolls
 e - a scroll of fear {unknown}
 g - a scroll of enchant weapon {unknown}
 h - a scroll of immolation {unknown}
 j - a scroll of blinking {unknown}
 o - 2 scrolls of vulnerability {unknown}
 p - a scroll of summoning {unknown}
 r - 2 scrolls of teleportation {unknown}
Potions
 f - 2 potions of ambrosia {unknown}
 l - a potion of brilliance {unknown}
 n - a potion of invisibility {unknown}
 s - a potion of magic {unknown}
 t - a potion of curing {unknown}
 u - a potion of lignification {unknown}
 v - a potion of might


   Skills:
 + Level 4.7 Fighting
 * Level 4.3 Axes
 + Level 0.7 Throwing
 + Level 4.7 Armour
 + Level 4.6 Shields


You had 4 spell levels left.
You didn't know any spells.
Your spell library contained the following spells:

 Spells                   Type           Power      Damage    Failure   Level
 Animate Skeleton         Necr           0%         N/A       99%         1
 Apportation              Tloc           0%         N/A       99%         1
 Corona                   Hex            0%         N/A       99%         1
 Summon Small Mammal      Summ           0%         N/A       99%         1


Dungeon Overview and Level Annotations

Branches:
Dungeon (4/15)
 Temple: D:4-7

Altars:
Ru

Annotations:
D:4 Dowan, Duvessa, Natasha


Innate Abilities, Weirdness & Mutations

You have a pair of horns on your head.
You reflexively headbutt those who attack you in melee.


Message History

Natasha casts a spell.
Okay, then.
You block Duvessa's attack.
Dowan casts a spell.
Dowan blinks!
Natasha claws you but does no damage. Duvessa barely misses you.
You hit the shadow imp.
The shadow imp is heavily wounded.
You slash Natasha! You hit Duvessa. You block Duvessa's attack.
Natasha claws you. Duvessa completely misses you.
The shadow imp hits you but does no damage.
Natasha claws you. Duvessa hits you with a +0 short sword.
The shadow imp barely misses you. You furiously retaliate!
You headbutt the shadow imp!
You kill the shadow imp!
Duvessa hits you but does no damage.
Natasha stares at you and mumbles some strange words.
You resist with some effort.
Found a dagger.
Found a stone staircase leading down.
Duvessa hits you with a +0 short sword. x2; You block Duvessa's attack.
Natasha stares at you and mumbles some strange words.
The magic dart hits you.
There is a stone staircase leading up here.
You feel yourself speed up. You block Dowan's attack.
Duvessa hits you with a +0 short sword!
Natasha mumbles some strange words.
Dowan says, "There's a certain beauty in death, don't you think?"
Dowan hits you but does no damage. Duvessa hits you with a +0 short sword.
* * * LOW HITPOINT WARNING * * *
Natasha casts a spell.
You block Duvessa's attack.
Natasha casts a spell.
Duvessa hits you but does no damage. You block Duvessa's attack.
You see here a potion of might.
v - a potion of might Duvessa hits you with a +0 short sword!
* * * LOW HITPOINT WARNING * * *
Dowan gestures at you while chanting. The puff of frost hits you.
You die...

### ##.# #..#
###.## ###...###
###.......#
###.e...<...#
###....h.......#
#.)@e5...5.....#
#....5...........#
#..>......$......#
#.................#
##................#
#.................
#..............
............


You could see Duvessa (fast, resistant), Dowan, an iron imp (summoned), Natasha,
a crimson imp (summoned) and a shadow imp (summoned).

Vanquished Creatures
  Ijyb (D:3)
  5 adders
  3 gnolls (D:2)
  An adder zombie (D:2)
  2 worms (D:3)
  6 dart slugs
  An orc (D:3)
  4 endoplasms
  2 giant cockroaches
  3 goblins
  7 hobgoblins
  3 jackals (D:1)
  6 kobolds
  7 ball pythons
  9 bats
  12 frilled lizards
  7 rats
79 creatures vanquished.

Notes
Turn   | Place    | Note
-------+----------+-------------------------------------------
     0 | D:1      | leviel the Minotaur Fighter began the quest for the Orb.
     0 | D:1      | Reached XP level 1. HP: 19/19 MP: 0/0
   103 | D:1      | Reached XP level 2. HP: 26/27 MP: 1/1
   315 | D:1      | Reached XP level 3. HP: 33/33 MP: 2/2
   950 | D:2      | Reached XP level 4. HP: 22/40 MP: 3/3
  1556 | D:2      | Found a faded altar of an unknown god.
  1762 | D:3      | Found a sacrificial altar of Ru.
  1878 | D:3      | Reached XP level 5. HP: 47/47 MP: 4/4
  2050 | D:3      | Noticed Ijyb
  2056 | D:3      | Killed Ijyb
  2528 | D:4      | Noticed Duvessa
  2528 | D:4      | Noticed Dowan
  2528 | D:4      | Noticed Natasha
  2545 | D:4      | HP: 1/47 [Duvessa/+0 short sword (10)]
  2545 | D:4      | Killed from afar by Dowan

Illustrated notes

Levels and vault maps discovered:
D:1:      amcnicky_arrival_single_pillar, layout_loops_corners,
          chequers_serial_rivers_micro_c
D:2:      layout_rooms, shapermc_ecumenical_altar_hornbeckon
D:3:      kennysheep_six_static_rooms, layout_basic, nicolae_ru_awakened_eye,
          minivault_26, st_stairs_9, minmay_box_of_dots, uniq_ijyb
D:4:      layout_cave_pods, tso_metal_star, nzn_hepliaklqana_mist_gate,
          minmay_temple_entry_proselytizer, uniq_duvessa, uniq_natasha

Skill      XL: |  1  2  3  4 |
---------------+-------------+-----
Armour         | 4 |  4.7
Shields        | 4 |  4.6
Fighting       | 4 |  4.7
Axes           | 3 4 |  4.3
Throwing       | |  0.7

Action                   |  1- 3 |  4- 6 || total
-------------------------+-------+-------++-------
Melee: War axe           |    76 |    86 ||   162
       Headbutt          |    13 |    10 ||    23
  Use: Potion            |       |     1 ||     1
Armor: Scale mail        |    38 |    23 ||    61
Dodge: Dodged            |    25 |    21 ||    46
Block: Kite shield       |    49 |    69 ||   118
       Reflection        |       |     1 ||     1

Table legend: (Time is in decaauts)
 A = Elapsed time spent in this place.
 B = Non-inter-level travel time spent in this place.
 C = Inter-level travel time spent in this place.
 D = Time resting spent in this place.
 E = Time spent auto-exploring this place.
 F = Levels seen in this place.
 G = Mean time per level.
                   A        B        C        D        E       F      G
               +--------+--------+--------+--------+--------+-----+--------+
         Total |   2641 |   2587 |     54 |    460 |   1651 |   4 |  660.2 |
       Dungeon |   2641 |   2587 |     54 |    460 |   1651 |   4 |  660.2 |
               +--------+--------+--------+--------+--------+-----+--------+

Top non-repeatable levels by time:
     D:3: 899 daAuts
     D:1: 880 daAuts
     D:2: 839 daAuts
     D:4: 22 daAuts
